 Dungeon Sprint DCSS version 0.31-a0-408-gb642c7f9a3 (webtiles) character file.

Game seed: 6596685347741344142

490 rocky1 the Earth Mage (level 10, -13/74 HPs)
             Began as a Demigod Earth Elementalist on July 30, 2023.
             Mangled by a deep troll (24 damage)
             ... in the Dungeon (Sprint VI: "Thunderdome").
             The game lasted 00:13:08 (966 turns).

rocky1 the Earth Mage (Demigod Earth Elementalist)   Turns: 966, Time: 00:13:09

Health: -13/74     AC:  5    Str: 11    XL:     10   Next: 38%
Magic:  9/29       EV: 13    Int: 25    God:
Gold:   154        SH:  0    Dex: 28    Spells: 26/30 levels left

rFire   + . .        o - +0 scimitar
rCold   . . .        (no shield)
rNeg    + . .        a - +0 robe
rPois   .            (no helmet)
rElec   +            q - +2 cloak "Satzehoi" {Will+ Str+3}
rCorr   +            (no gloves)
SInv    .            (no boots)
Will    +++..        l - amulet of Uqujij {RegenMP rCorr}
Stlth   ++++         n - ring of Idealism {rElec rN+ Dex+6}
HPRegen 0.32/turn    m - ring "Teirad" {rF+ Will+ Str-5 Dex+8 Stlth+}
MPRegen 0.61/turn

%: no teleportation
@: no status effects
A: high MP 1, forlorn, divine attributes
}: 1/15 runes: serpentine
a: no special abilities


You were in the Dungeon.
You visited 1 branch You collected 810 gold pieces.
You spent 656 gold pieces at shops.

Inventory:

Hand Weapons
 o - a +0 scimitar (weapon)
Armour
 a - a +0 robe (worn)
 q - the +2 cloak "Satzehoi" (worn) {Will+ Str+3}
   (You bought it in a shop in the Dungeon)

   Str:       It affects your strength (+3).
   Will:      It increases your willpower.
Jewellery
 l - the amulet of Uqujij (around neck) {RegenMP rCorr}
   (You bought it in a shop in the Dungeon)

   [amulet of magic regeneration]

   It increases your rate of magic regeneration.
   rCorr:     It protects you from acid and corrosion.
 m - the ring "Teirad" (right hand) {rF+ Will+ Str-5 Dex+8 Stlth+}
   (You bought it in a shop in the Dungeon)

   [ring of willpower]

   Str:       It affects your strength (-5).
   Dex:       It affects your dexterity (+8).
   rF:        It protects you from fire.
   Will:      It increases your willpower.
   Stlth:     It makes you more stealthy.
 n - the ring of Idealism (left hand) {rElec rN+ Dex+6}
   (You bought it in a shop in the Dungeon)

   [ring of dexterity]

   Dex:       It affects your dexterity (+6).
   rElec:     It insulates you from electricity.
   rN:        It protects you from negative energy.
Talismans
 p - a serpent talisman
Wands
 i - a wand of quicksilver (4)
 j - a wand of iceblast (20)
Scrolls
 k - 3 scrolls of fog
Potions
 b - a potion of magic
 c - 3 potions of curing
 d - 2 potions of heal wounds
 e - 4 potions of haste
 f - a potion of berserk rage
 h - 2 potions of resistance


   Skills:
 - Level 2.5 Fighting
 - Level 1.7 Dodging
 - Level 1.7 Stealth
 + Level 10.8 Spellcasting
 + Level 10.1 Conjurations
 - Level 0.8 Transmutations
 * Level 15.9 Earth Magic


You had 26 spell levels left.
You knew the following spells:

 Your Spells              Type           Power      Damage    Failure   Level
a - Sandblast             Erth           100%       2d20      0%          1
b - Stone Arrow           Conj/Erth      100%       3d13      1%          3

Your spell library contained the following spells:

 Spells                   Type           Power      Damage    Failure   Level
 Passwall                 Tmut/Erth      44%        N/A       1%          2
 Petrify                  Tmut/Erth      53%        N/A       1%          4


Dungeon Overview and Level Annotations

Branches:
Dungeon (1/1)

Shops:
D *[=??*?*:[((!!!!


Innate Abilities, Weirdness & Mutations

You have an increased reservoir of magic. (+10% MP)
You shall have no god before yourself.
Your divine heritage dramatically boosts your attributes as you level up.


Message History

Unknown command.
Aiming: Stone Arrow (safe; 1% risk of failure)
Press: ? - help, Q - select action, (/) - cycle Shift-Dir - straight line, f/p - troll
Aim: a troll (almost dead, 78% to hit)
The stone arrow hits the troll!!
You kill the troll!
The deep troll barely misses you. The deep troll claws you! x2
Your Conjurations skill increases to level 10!
Aiming: Stone Arrow (safe; 1% risk of failure)
Press: ? - help, Q - select action, (/) - cycle Shift-Dir - straight line, f - deep troll
Aim: a deep troll (lightly wounded, 78% to hit)
The stone arrow hits the deep troll!
The deep troll is moderately wounded.
The deep troll closely misses you. The deep troll claws you! x2
Aiming: Stone Arrow (safe; 1% risk of failure)
Press: ? - help, Q - select action, (/) - cycle Shift-Dir - straight line, f/p - deep troll
Aim: a deep troll (lightly wounded, 78% to hit)
The stone arrow hits the deep troll!
The deep troll is heavily wounded. 50...
A deep troll comes into view.
The deep troll bites you!
* * * LOW HITPOINT WARNING * * *
The deep troll barely misses you. The deep troll claws you.
* * * LOW HITPOINT WARNING * * *
Aiming: Stone Arrow (safe; 1% risk of failure)
Press: ? - help, Q - select action, (/) - cycle Shift-Dir - straight line, f/p - deep troll
Aim: a deep troll (heavily wounded, 78% to hit)
The stone arrow hits the deep troll!
The deep troll is severely wounded.
The deep troll bites you but does no damage.
The deep troll completely misses you. The deep troll claws you.
* * * LOW HITPOINT WARNING * * *
Aiming: Stone Arrow (safe; 1% risk of failure)
Press: ? - help, Q - select action, (/) - cycle Shift-Dir - straight line, f/p - deep troll
Aim: a deep troll (severely wounded, 78% to hit)
The stone arrow hits the deep troll!
The deep troll is almost dead.
The deep troll bites you!!
You die...

#### ##⌠⌠⌠## #.....# ##.....##
##∩.....∩## #∩.......∩#
#_.@....._# #_T......_#
#_......._# ###.....)...###
#§...........⌠#
######.8.......T.8.######
##∩___......###......___∩##
###∩........8.# #.8........∩##
##.............###.............


You could see 2 deep trolls.

Vanquished Creatures
  Aizul (D)
  A phantasmal warrior (D)
  A rust devil (D)
  2 orange demons (D)
  A troll (D)
  A red devil (D)
  2 hellwings (D)
  5 wraiths (D)
  A necrophage (D)
  2 wights (D)
  6 killer bees (D)
  A dart slug (D)
  A hobgoblin (D)
  A ball python (D)
  A ball python skeleton (D)
  A ball python zombie (D)
  A goblin (D)
  A quokka skeleton (D)
30 creatures vanquished.

Notes
Turn   | Place    | Note
-------+----------+-------------------------------------------
     0 | D        | rocky1 the Demigod Earth Elementalist began the quest for
                  | the Orb.
     0 | D        | Reached XP level 1. HP: 14/14 MP: 5/5
     5 | D        | Round 1.
     7 | D        | Found Falow's Do-It-Yourself Clinic.
     7 | D        | Found Cijeynkoe's Distillery.
     8 | D        | Found Acoe's Bottled Wisdom.
     8 | D        | Found Naf Myh's Distillery.
    25 | D        | Found Ompotan's Staff Store.
    26 | D        | Found Iresk's Must-Have Magic.
    26 | D        | Found Oreibaf's Magic Scroll Shop.
    27 | D        | Found Giockuqir's Magic Scroll Shop.
    30 | D        | Reached skill level 3 in Earth Magic
    47 | D        | Found Dyediqow's Timeless Talismans.
    48 | D        | Found Guowitu's Jewellery.
    48 | D        | Found Kump's Advanced Armour.
    50 | D        | Found Esurux's Identification Station.
    81 | D        | Found Toranou's Premium Goods.
    83 | D        | Found Queka's Weapon Rack.
    84 | D        | Found Ypyn's Miscellaneous Merchandise.
    84 | D        | Found Xabbiroo's Basic Armour.
   126 | D        | Arena points: 5 (+5) [x1]
   141 | D        | Round 2.
   152 | D        | Bought a clouded silver amulet for 45 gold pieces
   152 | D        | Identified the amulet of Uqujij {RegenMP rCorr} (You bought
                  | it in a shop in the Dungeon)
   188 | D        | Noticed a necrophage
   192 | D        | Reached skill level 4 in Earth Magic
   205 | D        | Killed a necrophage
   206 | D        | Reached skill level 6 in Earth Magic
   206 | D        | Reached XP level 2. HP: 8/20 MP: 4/9
   206 | D        | Reached XP level 3. HP: 11/26 MP: 4/11
   224 | D        | Noticed a wight
   224 | D        | Noticed a wight
   229 | D        | Killed a wight
   230 | D        | Reached skill level 7 in Earth Magic
   230 | D        | Reached XP level 4. HP: 3/33 MP: 10/13
   234 | D        | Arena points: 33 (+28) [x2]
   235 | D        | Reached skill level 5 in Spellcasting
   235 | D        | Reached skill level 8 in Earth Magic
   235 | D        | Reached XP level 5. HP: 28/38 MP: 11/16
   242 | D        | Learned a level 3 spell: Stone Arrow
   269 | D        | Round 3.
   270 | D        | Noticed an orange demon
   275 | D        | Killed an orange demon
   276 | D        | Reached skill level 10 in Earth Magic
   276 | D        | Reached XP level 6. HP: 20/45 MP: 6/19
   297 | D        | Noticed a red devil
   297 | D        | Noticed a hellwing
   307 | D        | Killed a hellwing
   308 | D        | Reached skill level 5 in Conjurations
   308 | D        | Reached skill level 11 in Earth Magic
   308 | D        | Reached XP level 7. HP: 29/50 MP: 5/21
   310 | D        | Killed a red devil
   311 | D        | Reached skill level 12 in Earth Magic
   320 | D        | Noticed an orange demon
   330 | D        | Killed an orange demon
   343 | D        | Bought 4 potions of curing for 84 gold pieces
   343 | D        | Bought 3 potions of heal wounds for 105 gold pieces
   387 | D        | Noticed a rust devil
   389 | D        | Noticed a hellwing
   397 | D        | Killed a rust devil
   398 | D        | Reached skill level 13 in Earth Magic
   398 | D        | Reached XP level 8. HP: 41/57 MP: 14/24
   400 | D        | Killed a hellwing
   400 | D        | Arena points: 96 (+63) [x3]
   454 | D        | Round 4.
   473 | D        | Bought a crude golden ring for 45 gold pieces
   473 | D        | Identified the ring "Teirad" {rF+ Will+ Str-5 Dex+8 Stlth+}
                  | (You bought it in a shop in the Dungeon)
   473 | D        | Bought a sparkling jade ring for 45 gold pieces
   473 | D        | Identified the ring of Idealism {rElec rN+ Dex+6} (You
                  | bought it in a shop in the Dungeon)
   544 | D        | Arena points: 208 (+112) [x4]
   606 | D        | Round 5.
   610 | D        | Noticed Aizul
   619 | D        | Killed Aizul
   619 | D        | Arena points: 448 (+240) [x6]
   620 | D        | Reached skill level 14 in Earth Magic
   620 | D        | Reached XP level 9. HP: 18/62 MP: 5/27
   627 | D        | Got a serpentine rune of Zot
   628 | D        | Reached skill level 10 in Spellcasting
   628 | D        | Reached XP level 10. HP: 22/74 MP: 10/28
   690 | D        | Bought a slimy cloak for 332 gold pieces
   690 | D        | Identified the +2 cloak "Satzehoi" {Will+ Str+3} (You
                  | bought it in a shop in the Dungeon)
   824 | D        | Round 6.
   835 | D        | Noticed a phantasmal warrior
   857 | D        | Noticed an eidolon
   865 | D        | Reached skill level 15 in Earth Magic
   876 | D        | Killed a phantasmal warrior
   939 | D        | Arena points: 490 (+42) [x1]
   954 | D        | Round 7.
   954 | D        | Noticed a deep troll
   963 | D        | Reached skill level 10 in Conjurations
   964 | D        | Noticed a deep troll
   966 | D        | Mangled by a deep troll

Illustrated notes

Levels and vault maps discovered:
D:        arena_sprint

Skill      XL: |  1  2  3  4  5  6  7  8  9 10 |
---------------+-------------------------------+-----
Earth Magic    | 6 7 8 10 11 13 14 15 | 15.9
Spellcasting   | 4 5 6 7 8 9 10 | 10.8
Conjurations   | 4 5 7 8 9 10 | 10.1
Fighting       | 2 |  2.5
Dodging        | |  1.7
Stealth        | |  1.7
Transmutations | |  0.8

Action                     |  1- 3 |  4- 6 |  7- 9 | 10-12 || total
---------------------------+-------+-------+-------+-------++-------
   Cast: Sandblast         |    18 |     4 |    12 |     2 ||    36
         Stone Arrow       |       |    10 |    23 |    28 ||    61
  Evoke: Wand              |       |       |     2 |       ||     2
    Use: Potion            |       |     3 |     5 |     2 ||    10
         Scroll            |       |     1 |     2 |     1 ||     4
 Armour: Robe              |       |       |     4 |     2 ||     6
  Dodge: Dodged            |     5 |     8 |    14 |     9 ||    36

Table legend: (Time is in decaauts)
 A = Elapsed time spent in this place.
 B = Non-inter-level travel time spent in this place.
 C = Inter-level travel time spent in this place.
 D = Time resting spent in this place.
 E = Time spent auto-exploring this place.
 F = Levels seen in this place.
 G = Mean time per level.
                   A        B        C        D        E       F      G
               +--------+--------+--------+--------+--------+-----+--------+
         Total |    982 |    982 |      0 |    336 |      0 |   1 |  982.0 |
       Dungeon |    982 |    982 |      0 |    336 |      0 |   1 |  982.0 |
               +--------+--------+--------+--------+--------+-----+--------+

Top non-repeatable levels by time:
       D: 982 daAuts
